 Dungeon Crawl Stone Soup version 0.31-a0-188-g5e087ee2ca (webtiles) character file.

Game seed: 12334463256771435007

637 qw the Skirmisher (level 7, -3/40 HPs)
             Began as a Deep Elf Hunter on June 23, 2023.
             Was an Initiate of Okawaru.
             Slain by a gnoll sergeant
             ... wielding a +0 spear of flaming
              (9 damage)
             ... on level 5 of the Dungeon.
             The game lasted 00:01:18 (3113 turns).

qw the Skirmisher (Deep Elf Hunter)                 Turns: 3113, Time: 00:01:18

Health: -3/40      AC:  6    Str: 10    XL:     7   Next: 25%
Magic:  7/9        EV: 14    Int: 14    God:    Okawaru [......]
Gold:   184        SH:  0    Dex: 18    Spells: 6/6 levels left

rFire   . . .        Y - +4 shortbow (heavy)
rCold   . . .        (shield currently unavailable)
rNeg    . . .        a - +0 ring mail
rPois   .            (no helmet)
rElec   .            (no cloak)
rCorr   .            (no gloves)
SInv    .            (no boots)
Will    .....        (no amulet)
Stlth   +++          (no ring)
HPRegen 0.26/turn    (no ring)
MPRegen 0.11/turn

%: no passive effects
@: about to teleport, heroic
A: no striking features
a: Renounce Religion


You were on level 5 of the Dungeon.
You worshipped Okawaru.
Okawaru was noncommittal.
You visited 1 branch of the dungeon, and saw 5 of its levels.

You collected 184 gold pieces.


   Skills:
 - Level 2.0(7.0) Fighting
 + Level 11.2(16.2) Ranged Weapons
 - Level 3.0(8.0) Dodging
 - Level 1.2(6.2) Stealth
 - Level 0.2 Invocations


You had 6 spell levels left.
You didn't know any spells.
Your spell library was empty.

Inventory:

Hand Weapons
 Y - a +4 heavy shortbow (weapon)
Armour
 a - a +0 ring mail (worn)
Scrolls
 g - a scroll of identify
Potions
 c - a potion of brilliance {unknown}
 d - a potion of cancellation
 e - a potion of resistance
 f - a potion of heal wounds {unknown}
 h - a potion of curing
 i - a potion of might {unknown}
 k - a potion of haste

Dungeon Overview and Level Annotations

Branches:
Dungeon (5/15)             Temple (0/1) D:5

Altars:
Cheibriados
Nemelex Xobeh
Okawaru
Ru
Sif Muna
Uskayaw
Vehumet

Shops:
D:4 *


Message History

The gnoll barely misses you.
You shoot an arrow. The arrow hits the gnoll.
The gnoll is lightly wounded.
A gnoll sergeant comes into view. It is wielding a +0 spear of flaming.
A gnoll comes into view. It is wielding a +0 spear.
The gnoll hits you from afar with a +0 spear.
You shoot an arrow. The arrow barely misses the gnoll.
The gnoll shouts!
A gnoll comes into view. It is wielding a +0 flail.
You shoot an arrow. The arrow hits the gnoll!
You kill the gnoll!
Okawaru accepts your kill.
You can now gain great but temporary skills.
The gnoll sergeant hits you from afar with a +0 spear of flaming.
The gnoll sergeant burns you.
You shoot an arrow. The arrow hits the gnoll!!
You kill the gnoll!
Okawaru accepts your kill.
The gnoll sergeant hits you from afar with a +0 spear of flaming.
The gnoll sergeant burns you. The gnoll closely misses you.
3110 ||| INVOKING Heroism.
You gain the combat prowess of a mighty hero.
You can no longer gain great but temporary skills.
The gnoll sergeant barely misses you.
The gnoll hits you from afar with a +0 spear!
You shoot an arrow.
The arrow hits the gnoll sergeant but does no damage.
The gnoll sergeant hits you but does no damage.
The gnoll hits you from afar with a +0 spear.
You shoot an arrow. The arrow hits the gnoll sergeant!
The gnoll sergeant is moderately wounded.
The gnoll sergeant hits you from afar with a +0 spear of flaming.
The gnoll sergeant burns you. The gnoll misses you.
The gnoll hits you from afar with a +0 spear!
The gnoll sergeant closely misses you.
3113 ||| READING scroll of teleportation.
As you read the scroll of teleportation, it crumbles to dust.
You feel strangely unstable.
The gnoll sergeant hits you from afar with a +0 spear of flaming!
You die...

## ... .. #...
..##.. #......
.#..# ##...#.
#....#.
#.....##....#..
#........>....)
#.....#..).#
#....#.@)g#
....
#....#..#.#
#..#
#..%..##g..#
#..#
#...#.........
#..#
#...##########
#..#
#............
#..#
####.#######.
####..# #.#
......# #.#


You could see a gnoll sergeant and a gnoll.

Vanquished Creatures
  Edmund (D:5)
  2 scorpions
  A hound (D:4)
  2 iguanas
  Terence (D:2)
  An orc wizard (D:4)
  Ijyb (D:4)
  12 adders
  3 gnolls (D:5)
  A worm (D:2)
  4 dart slugs
  3 orcs
  6 bats
  6 endoplasms
  3 giant cockroaches (D:2)
  14 goblins
  7 hobgoblins
  8 jackals (D:1)
  8 kobolds
  4 quokkas
  12 ball pythons
  2 frilled lizards (D:2)
  7 rats
109 creatures vanquished.

Notes
Turn   | Place    | Note
-------+----------+-------------------------------------------
     0 | D:1      | qw the Deep Elf Hunter began the quest for the Orb.
     0 | D:1      | Reached XP level 1. HP: 12/12 MP: 3/3
     0 | D:1      | 0 ||| qw: Version: 0.3-a-9-g12657ce
     0 | D:1      | 0 ||| qw: Game counter: 4248
     0 | D:1      | 0 ||| qw: Always use a shield: true
     0 | D:1      | 0 ||| qw: God list: Okawaru
     0 | D:1      | 0 ||| qw: Allow faded altars: false
     0 | D:1      | 0 ||| qw: Do Orc after D:15 true
     0 | D:1      | 0 ||| qw: Do second Lair branch before Depths: true
     0 | D:1      | 0 ||| qw: Lair rune preference: random
     0 | D:1      | 0 ||| qw: Plans: Normal
     0 | D:1      | 0 ||| PLANNING D:1-11
   119 | D:1      | Reached skill level 6 in Ranged Weapons
   119 | D:1      | Reached XP level 2. HP: 16/16 MP: 4/4
   273 | D:1      | Reached XP level 3. HP: 20/20 MP: 5/5
   563 | D:1      | 563 ||| READING scroll labelled VUMOEX UJANA.
   564 | D:1      | 564 ||| READING scroll labelled RIVYHY GUMNUUL.
   565 | D:1      | 565 ||| READING 2 scrolls labelled XUTACIFEYTH.
   566 | D:1      | 566 ||| READING scroll labelled SACKOE CEMO.
   567 | D:1      | 567 ||| DROPPING scroll of butterflies.
   625 | D:2      | Reached skill level 7 in Ranged Weapons
   757 | D:2      | Reached XP level 4. HP: 25/25 MP: 6/6
   759 | D:2      | 759 ||| READING scroll of enchant weapon.
   759 | D:2      | 759 ||| ENCHANTING +1 shortbow.
   837 | D:2      | 837 ||| READING scroll of enchant weapon.
   837 | D:2      | 837 ||| ENCHANTING +2 shortbow.
   902 | D:2      | Reached skill level 8 in Ranged Weapons
  1117 | D:2      | Noticed Terence
  1130 | D:2      | Killed Terence
  1131 | D:2      | Reached XP level 5. HP: 19/29 MP: 7/7
  1412 | D:2      | 1412 ||| READING scroll labelled IBROSS ZOUM.
  1413 | D:2      | 1413 ||| READING scroll labelled USTRAJ VEQIYNN.
  1418 | D:2      | 1418 ||| READING scroll labelled ZEXOJAUKKI.
  1419 | D:2      | 1419 ||| READING scroll labelled ADWUUDGHEAQ.
  1420 | D:2      | 1420 ||| DRINKING 2 dark potions.
  1421 | D:2      | 1421 ||| READING 2 scrolls of identify.
  1421 | D:2      | 1421 ||| IDENTIFYING amethyst potion
  1422 | D:2      | 1422 ||| DROPPING potion of degeneration.
  1502 | D:3      | Reached skill level 9 in Ranged Weapons
  1629 | D:3      | 1629 ||| READING scroll of enchant weapon.
  1629 | D:3      | 1629 ||| ENCHANTING +3 shortbow.
  1769 | D:3      | Found a faded altar of an unknown god.
  1776 | D:3      | Reached skill level 3 in Dodging
  2021 | D:3      | Found a snail-covered altar of Cheibriados.
  2291 | D:3      | 2291 ||| UPGRADING to +0 ring mail.
  2301 | D:3      | 2301 ||| DROPPING +0 leather armour.
  2302 | D:3      | 2302 ||| READING scroll labelled YBLURU GOGO.
  2303 | D:3      | 2303 ||| DRINKING 2 silvery potions.
  2304 | D:3      | 2304 ||| READING 2 scrolls of identify.
  2304 | D:3      | 2304 ||| IDENTIFYING viscous clear potion
  2305 | D:3      | 2305 ||| DROPPING potion of lignification.
  2338 | D:4      | Noticed Ijyb
  2342 | D:4      | Killed Ijyb
  2343 | D:4      | Reached XP level 6. HP: 35/35 MP: 8/8
  2350 | D:4      | Found a sparkling altar of Nemelex Xobeh.
  2387 | D:4      | Found a sacrificial altar of Ru.
  2421 | D:4      | Found a shimmering blue altar of Sif Muna.
  2504 | D:4      | Found a hide-covered altar of Uskayaw.
  2597 | D:4      | Found Veemuab's Overcharged Wands.
  2607 | D:4      | Reached skill level 10 in Ranged Weapons
  2667 | D:4      | 2667 ||| SHOPLISTING wand of digging (11) (693 gold, have
                  | 184).
  2674 | D:4      | Identified the +8 spear "Wuneh" {flame, Contam rC++ Int+5}
  2781 | D:4      | Found an iron altar of Okawaru.
  2782 | D:4      | 2782 ||| PLANNING OKAWARU WORSHIP
  2782 | D:4      | 2782 ||| DRINKING 2 brown potions.
  2790 | D:4      | Became a worshipper of Warmaster Okawaru
  2791 | D:4      | 2791 ||| PLANNING D:1-11
  2846 | D:4      | Found a radiant altar of Vehumet.
  2946 | D:5      | Entered Level 5 of the Dungeon
  2947 | D:5      | 2947 ||| PLANNING SEWER
  2966 | D:5      | Noticed Edmund
  2971 | D:5      | Killed Edmund
  2972 | D:5      | Reached skill level 11 in Ranged Weapons
  2972 | D:5      | Reached XP level 7. HP: 13/40 MP: 9/9
  3098 | D:5      | Found a staircase to the Ecumenical Temple.
  3108 | D:5      | Reached * piety under Okawaru
  3110 | D:5      | 3110 ||| INVOKING Heroism.
  3112 | D:5      | HP: 6/40 [gnoll/+0 spear[a gnoll sergeant] (8)]
  3113 | D:5      | 3113 ||| READING scroll of teleportation.
  3113 | D:5      | Slain by a gnoll sergeant

Levels and vault maps discovered:
D:1:      minmay_arrival_stair_chambers, layout_basic, minivault_14
D:2:      layout_basic, minmay_snake_closets, uniq_terence
D:3:      layout_basic, cheibriados_altar_1,
          hellmonk_ecumenical_altar_crossroads
D:4:      layout_basic, kennysheep_orc_sif_temple, kennysheep_okawaru_gauntlet,
          mainiacjoe_overflow_small_starburst, vehumet_altar_wand_db,
          mainiacjoe_overflow_tiny_flanked, nicolae_ru_great_annihilating_truth,
          minmay_misc_feat_ornament, nicolae_shop_overcharged_wands, uniq_ijyb
D:5:      layout_basic, elyvilon_altar_4, minmay_temple_entry_mini_moons,
          portal_sewer_entry_c, minmay_misc_feat_rugged,
          kennysheep_small_spiral, uniq_edmund, uniq_eustachio, uniq_pikel

Skill      XL: |  1  2  3  4  5  6 |
---------------+-------------------+-----
Ranged Weapons | 6 7 8 9 11 | 11.2
Dodging        | 3 |  3.0
Fighting       | 2 |  2.0
Stealth        | |  1.2
Invocations    | |  0.2

Action                     |  1- 3 |  4- 6 |  7- 9 || total
---------------------------+-------+-------+-------++-------
   Fire: Shortbow          |    94 |   168 |    10 ||   272
 Invoke: Heroism           |       |       |     1 ||     1
    Use: Scroll            |     4 |    10 |     1 ||    15
         Potion            |       |     3 |       ||     3
 Armour: Leather armour    |     4 |     7 |       ||    11
         Ring mail         |       |     3 |     1 ||     4
  Dodge: Dodged            |    13 |    33 |     5 ||    51

Table legend:
 A = Non-vault XP
 B = Vault XP
 C = Vault XP percentage of total XP
 D = Non-vault monster count
 E = Vault monster count
 F = Vault count percentage of total count
                 A         B        C        D         E       F
            +---------+---------+-------+---------+---------+-------
      Total |     560 |     351 |  38.5 |      86 |      23 |  21.1
            +---------+---------+-------+---------+---------+-------
        D:1 |      61 |       0 |   0.0 |      31 |       0 |   0.0
        D:2 |      73 |     113 |  60.8 |      26 |      12 |  31.6
        D:3 |     110 |       0 |   0.0 |      15 |       0 |   0.0
        D:4 |     146 |      81 |  35.7 |       8 |      10 |  55.6
        D:5 |     170 |     157 |  48.0 |       6 |       1 |  14.3
            +---------+---------+-------+---------+---------+-------
